 Dungeon Crawl Stone Soup version 0.28.0-53-g5a82cb258f (webtiles) character file.

Game seed: 8197548724906262134

224 styxcanada the Covert (level 5, -2/26 HPs)
             Began as a Spriggan Brigand on June 21, 2022.
             Killed from afar by Ijyb (7 damage)
             ... with a puff of flame
             ... on level 3 of the Dungeon.
             The game lasted 00:09:27 (2971 turns).

styxcanada the Covert (Spriggan Brigand)            Turns: 2971, Time: 00:09:28

Health: -2/26      AC:  4    Str:  7    XL:     5   Next: 67%
Magic:  5/7        EV: 17    Int: 12    God:
Gold:   52         SH:  0    Dex: 19    Spells: 5/6 levels left

rFire   . . .      SeeInvis +   a - +2 dagger
rCold   . . .      Faith    .   (no shield)
rNeg    . . .      Spirit   .   b - +0 robe
rPois   .          Reflect  .   (helmet restricted)
rElec   .          Harm     .   c - +1 cloak
rCorr   .          Rampage  .   (gloves unavailable)
Will    .....                   (boots unavailable)
Stlth   ++++......              (no amulet)
HPRegen 0.08/turn               (no ring)
MPRegen 0.10/turn               (no ring)

@: very quick
A: very small, no large weapons, unfitting armour, see invisible, speed 3
a: no special abilities


You were on level 3 of the Dungeon.
You visited 1 branch of the dungeon, and saw 3 of its levels.

You collected 52 gold pieces.

Inventory:

Hand Weapons
 a - a +2 dagger (weapon)
 g - a +3 quarterstaff of chaos
 i - the +3 falchion of the End of Times {drain, rC+}
   (You found it on level 3 of the Dungeon)

   A truly terrible weapon, it drains the life of any living foe it strikes.
   rC:        It protects you from cold.
Missiles
 d - 10 poisoned darts (quivered)
 e - 2 curare-tipped darts
 j - 38 stones
Armour
 b - a +0 robe (worn)
 c - a +1 cloak (worn)
Magical Staves
 k - a staff of conjuration
Potions
 f - a potion of mutation {unknown}
 h - a potion of ambrosia {unknown}


   Skills:
 * Level 2.2 Fighting
 + Level 2.8 Short Blades
 + Level 2.5 Throwing
 * Level 2.6 Dodging
 * Level 8.5 Stealth
 * Level 1.1 Spellcasting
 * Level 1.1 Transmutations
 * Level 0.7 Poison Magic


You had 5 spell levels left.
You knew the following spells:

 Your Spells              Type           Power      Damage    Failure   Level
a - Sting                 Tmut/Pois      8%         1d3       21%         1

Your spell library contained the following spells:

 Spells                   Type           Power      Damage    Failure   Level
 Poisonous Vapours        Pois/Air       2%         N/A       36%         2
 Olgreb's Toxic Radiance  Pois           2%         N/A       91%         4


Dungeon Overview and Level Annotations

Branches:
Dungeon (3/15)

Altars:
Nemelex Xobeh

Annotations:
D:3 Ijyb


Innate Abilities, Weirdness & Mutations

You are very small and have problems with some larger weapons.
You are too small for most types of armour.
You have supernaturally acute eyesight. (SInv)
You cover ground extremely quickly. (Speed+++)


Message History

Casting: Sting (safe; 21% risk of failure)
Confirm with . or Enter, or press ? or * to list all spells.
You can't see any susceptible monsters within range! (Use Z to cast anyway.) Throw: 14 darts (poison)
Press: ? - help, Q - select action, (/) - cycle Shift-Dir - straight line, f - Ijyb
Aim: Ijyb, wielding a +0 dagger, wearing a +0 chain mail and carrying a wand of flame (24) (lightly wounded, 63% to hit)
You throw a poisoned dart. The poisoned dart barely misses Ijyb.
Throw: 13 darts (poison)
Press: ? - help, Q - select action, (/) - cycle Shift-Dir - straight line, f/p - Ijyb
Aim: Ijyb, wielding a +0 dagger, wearing a +0 chain mail and carrying a wand of flame (24) (lightly wounded, 63% to hit)
You throw a poisoned dart. The poisoned dart hits Ijyb!
Ijyb is poisoned.
Ijyb is lightly wounded.
Throw: 12 darts (poison)
Press: ? - help, Q - select action, (/) - cycle Shift-Dir - straight line, f/p - Ijyb
Aim: Ijyb, wielding a +0 dagger, wearing a +0 chain mail and carrying a wand of flame (24) (moderately wounded, very poisoned, 63% to hit)
You throw a poisoned dart. The poisoned dart hits Ijyb.
Ijyb looks even sicker.
Ijyb is moderately wounded.
Throw: 11 darts (poison)
Press: ? - help, Q - select action, (/) - cycle Shift-Dir - straight line, f/p - Ijyb
Aim: Ijyb, wielding a +0 dagger, wearing a +0 chain mail and carrying a wand of flame (24) (moderately wounded, very poisoned, 63% to hit)
You throw a poisoned dart. The poisoned dart hits Ijyb.
Ijyb looks as sick as possible!
Ijyb is moderately wounded.
Casting: Sting (safe; 21% risk of failure)
Confirm with . or Enter, or press ? or * to list all spells.
You can't see any susceptible monsters within range! (Use Z to cast anyway.) Unknown command.
Casting: Sting (safe; 21% risk of failure)
Confirm with . or Enter, or press ? or * to list all spells.
Aiming: Sting (safe; 21% risk of failure)
Press: ? - help, Shift-Dir - straight line, f/p - Ijyb
Aim: Ijyb, wielding a +0 dagger, wearing a +0 chain mail and carrying a wand of flame (24) (moderately wounded, extremely poisoned, 64% to hit)
You miscast Sting.
You are very lightly contaminated with residual magic.
Nothing appears to happen.
Ijyb hits you with a +0 dagger.
* * * LOW HITPOINT WARNING * * *
Your magical contamination has completely faded away.
Ijyb zaps a wand.
The puff of flame hits you!
You die...

##..##.._..##..##
...##.......##..#
..##.^^.^....##.#
..#...#####^.^#.##
..##.'#.#.#+^##..###
...###..#..###.....##########
.......###.....###..........#
...........########.....)...#
................@...g.(.....#
..........#########.........#
...#.....## #.........#
########## ###########


You could see Ijyb (very poisoned).

Vanquished Creatures
  A scorpion (D:2)
  Crazy Yiuf (D:2)
  Natasha (twice) (D:2)
  Robin (D:2)
  2 adders
  A dart slug (D:1)
  2 worms
  5 ball pythons (D:1)
  2 bats (D:1)
  6 endoplasms
  2 giant cockroaches
  9 goblins
  6 hobgoblins
  6 kobolds
  2 frilled lizards (D:2)
  4 rats
52 creatures vanquished.

Notes
Turn   | Place    | Note
-------+----------+-------------------------------------------
     0 | D:1      | styxcanada the Spriggan Brigand began the quest for the
                  | Orb.
     0 | D:1      | Reached XP level 1. HP: 10/10 MP: 2/2
   146 | D:1      | Found a faded altar of an unknown god.
   147 | D:1      | Noticed a shining eye
   152 | D:1      | Noticed a floating eye
   156 | D:1      | Reached skill level 6 in Stealth
   157 | D:1      | Noticed a shining eye
   157 | D:1      | Noticed a golden eye
   228 | D:1      | Reached XP level 2. HP: 10/14 MP: 3/3
   900 | D:1      | Reached skill level 7 in Stealth
   947 | D:1      | Reached XP level 3. HP: 16/18 MP: 4/4
  1150 | D:2      | Identified the +0 helmet of Hairiness {Harm Regen+ Str+4}
  1150 | D:2      | Noticed Robin
  1183 | D:2      | Killed Robin
  1869 | D:2      | Noticed Natasha
  1889 | D:2      | Killed Natasha
  1890 | D:2      | Reached XP level 4. HP: 23/23 MP: 5/5
  1892 | D:2      | Noticed Natasha
  2062 | D:2      | Learned a level 1 spell: Sting
  2073 | D:2      | Noticed a scorpion
  2080 | D:2      | Killed a scorpion
  2081 | D:2      | Reached skill level 8 in Stealth
  2081 | D:2      | Reached XP level 5. HP: 26/26 MP: 5/7
  2226 | D:2      | Killed Natasha
  2227 | D:2      | Reached skill level 1 in Spellcasting
  2295 | D:2      | Found a runed translucent door.
  2296 | D:2      | Noticed Crazy Yiuf
  2329 | D:2      | Killed Crazy Yiuf
  2330 | D:2      | Reached skill level 1 in Transmutations
  2818 | D:3      | Identified the +3 falchion of the End of Times {drain, rC+}
  2892 | D:3      | Found a sparkling altar of Nemelex Xobeh.
  2907 | D:3      | Noticed Ijyb
  2971 | D:3      | Killed from afar by Ijyb

Illustrated notes

Levels and vault maps discovered:
D:1:      eino_arrival_tree_alley, layout_basic,
          hellmonk_ecumenical_altar_watching_god
D:2:      minmay_spotlight, layout_basic, uniq_crazy_yiuf_cottage, uniq_robin,
          uniq_natasha
D:3:      layout_rooms, nemelex_spade_bored_becter, gammafunk_ghost_split,
          kennysheep_generic_room_7, uniq_ijyb

Skill      XL: |  1  2  3  4  5 |
---------------+----------------+-----
Stealth        | 6 7 8 |  8.5
Dodging        | 2 |  2.6
Fighting       | 2 |  2.2
Spellcasting   | 1 |  1.1
Transmutations | 1 |  1.1
Short Blades   | |  2.8
Throwing       | |  2.5
Poison Magic   | |  0.7

Action                   |  1- 3 |  4- 6 || total
-------------------------+-------+-------++-------
Melee: Dagger            |   108 |    21 ||   129
       Punch             |     2 |       ||     2
Throw: Dart              |    22 |    17 ||    39
 Cast: Sting             |       |     8 ||     8
  Use: Scroll            |       |     3 ||     3
 Stab: Sleeping          |    10 |     8 ||    18
Armor: Robe              |     9 |     2 ||    11
Dodge: Dodged            |    58 |     5 ||    63
